 Dungeon Crawl Stone Soup version 0.29.1-15-g9cfb28693d (webtiles) character file.

Game seed: 187582504741888911

189 safid the Chiller (level 5, -1/41 HPs)
             Began as a Merfolk Ice Elementalist on Apr 17, 2023.
             Was an Initiate of Vehumet.
             Slain by an orc warrior
             ... wielding a +0 short sword
              (9 damage)
             ... on level 4 of the Dungeon.
             The game lasted 00:03:51 (3849 turns).

safid the Chiller (Merfolk Ice Elementalist)        Turns: 3849, Time: 00:03:52

Health: -1/41      AC: 10    Str:  8    XL:     5   Next: 68%
Magic:  2/10       EV: 12    Int: 16    God:    Vehumet [......]
Gold:   258        SH:  0    Dex: 15    Spells: 3/10 levels left

rFire   . . .      SeeInvis .   d - +0 dagger
rCold   . . .      Faith    .   (no shield)
rNeg    . . .      Spirit   .   a - +0 robe
rPois   .          Reflect  .   (no helmet)
rElec   .          Harm     .   p - +0 cloak
rCorr   .          Rampage  .   q - +0 pair of gloves
Will    .....                   (no boots)
Stlth   ++........              (no amulet)
HPRegen 0.13/turn               (no ring)
MPRegen 0.12/turn               (no ring)

@: ice-armoured, freezing walls
A: (nimble swimmer 2), mertail
a: Renounce Religion


You were on level 4 of the Dungeon.
You worshipped Vehumet.
Vehumet was noncommittal.
You visited 1 branch of the dungeon, and saw 4 of its levels.

You collected 258 gold pieces.

Inventory:

Hand Weapons
 d - a +0 dagger (weapon)
Armour
 a - a +0 robe (worn)
 p - a +0 cloak (worn)
 q - a +0 pair of gloves (worn)
Wands
 n - a wand of quicksilver (5)
Scrolls
 e - 3 scrolls of teleportation {unknown}
 g - 3 scrolls of identify {unknown}
 i - 2 scrolls of fear {unknown}
 k - a scroll of magic mapping {unknown}
 l - 2 scrolls of poison {unknown}
 m - 2 scrolls of immolation {unknown}
Potions
 b - 3 potions of magic
 c - a potion of mutation {unknown}
 f - a potion of curing {unknown}
 h - a potion of lignification {unknown}
 j - a potion of haste {unknown}
 o - a potion of degeneration {unknown}


   Skills:
 + Level 3.0 Fighting
 - Level 2.6 Dodging
 - Level 2.1 Stealth
 + Level 3.4 Spellcasting
 + Level 5.5 Ice Magic


You had 3 spell levels left.
You knew the following spells:

 Your Spells              Type           Power      Damage    Failure   Level
a - Freeze                Ice            80%        1d9       1%          1
b - Frozen Ramparts       Ice            40%        1d7       5%          3
c - Ozocubu's Armour      Ice            20%        N/A       5%          3

Your spell library contained the following spells:

 Spells                   Type           Power      Damage    Failure   Level
 Conjure Flame            Conj/Fire      2%         6-21      47%         3
 Ignite Poison            Fire/Tmut/Pois 2%         N/A       47%         3
 Hailstorm                Conj/Ice       11%        3d5       50%         4
 Sticky Flame             Conj/Fire      2%         2d3       87%         4


Dungeon Overview and Level Annotations

Branches:
Dungeon (4/15)
 Temple: D:4-7

Altars:
Makhleb
Okawaru
Trog
Vehumet

Annotations:
D:4 2 runed translucent doors


Innate Abilities, Weirdness & Mutations

((You are very nimble when in or above water. (Stealth+, EV+, Speed+++)))
Your lower body shifts to a powerful aquatic tail in water.


Message History

The frozen ramparts melt away.
An orc warrior comes into view. It is wielding a +0 short sword.
Found a tubular onyx ring and the Cyclopedia of the Glacier.
The orc warrior shouts!
Casting: Frozen Ramparts (dangerous; 5% risk of failure)
Confirm with . or Enter, or press ? or * to list all spells.
Casting: Frozen Ramparts (dangerous; 5% risk of failure)
Press: ? - help, Dir - look around, f - activate The walls around you are covered in ice.
The wall freezes the orc warrior but does no damage.
The orc warrior hits you with a +0 short sword!
Unknown command.
Casting: Frozen Ramparts (dangerous; 5% risk of failure)
Confirm with . or Enter, or press ? or * to list all spells.
A film of ice covers your body!
The wall freezes the orc warrior but does no damage.
The orc warrior hits you with a +0 short sword!
The wall freezes the orc warrior but does no damage.
The orc warrior hits you with a +0 short sword!
* * * LOW HITPOINT WARNING * * *
Unknown command.
Casting: Ozocubu's Armour (dangerous; 5% risk of failure)
Confirm with . or Enter, or press ? or * to list all spells.
Aiming: Freeze (safe; 1% risk of failure)
Press: ? - help, Shift-Dir - straight line, f - orc warrior
Aim: an orc warrior, wielding a +0 short sword and wearing a +0 chain mail You freeze the orc warrior.
The orc warrior is moderately wounded.
The wall freezes the orc warrior.
The orc warrior hits you but does no damage.
Casting: Freeze (safe; 1% risk of failure)
Confirm with . or Enter, or press ? or * to list all spells.
Aiming: Freeze (safe; 1% risk of failure)
Press: ? - help, Shift-Dir - straight line, f/p - orc warrior
Aim: an orc warrior, wielding a +0 short sword and wearing a +0 chain mail (moderately wounded)
You freeze the orc warrior.
The orc warrior is moderately wounded.
The wall freezes the orc warrior.
The orc warrior hits you with a +0 short sword!
You die...

......#......_.## #.
#+######.......####.
##....#...)..
#.#.#######.
#..>........
#######.##.# ######
#.##)# #.$..##....#
#.##.# #=##@#.#....
#.##.# #o.#.#...
#.##.# ..###.#..
#.##.# #:##.#.#.#
#####.##.#
###.#.##.#
#........#
#'###..###.###.####
#..........# #.# #
##.....#######.####
#.####............


You could see an orc warrior.

Vanquished Creatures
  A bullfrog (D:4)
  A gnoll (D:1)
  4 adders
  3 worms
  A dart slug (D:4)
  An orc (D:3)
  8 endoplasms
  3 giant cockroaches
  9 hobgoblins
  4 jackals (D:1)
  8 kobolds
  3 quokkas
  6 ball pythons
  2 frilled lizards
  2 goblins
  5 rats
61 creatures vanquished.

Vanquished Creatures (others)
  17 plants (D:3)
  4 toadstools (D:1)
21 creatures vanquished.

Grand Total: 82 creatures vanquished

Notes
Turn   | Place    | Note
-------+----------+-------------------------------------------
     0 | D:1      | safid the Merfolk Ice Elementalist began the quest for the
                  | Orb.
     0 | D:1      | Reached XP level 1. HP: 13/13 MP: 3/3
   455 | D:1      | Reached XP level 2. HP: 18/20 MP: 3/5
   553 | D:1      | Reached skill level 1 in Fighting
   793 | D:1      | Reached XP level 3. HP: 12/26 MP: 2/6
   798 | D:1      | Learned a level 3 spell: Frozen Ramparts
   802 | D:1      | Learned a level 3 spell: Ozocubu's Armour
  1960 | D:2      | Reached skill level 5 in Ice Magic
  2075 | D:2      | Reached XP level 4. HP: 29/33 MP: 5/8
  2827 | D:3      | Found an iron altar of Okawaru.
  2846 | D:3      | Found a burning altar of Makhleb.
  3619 | D:4      | Found a radiant altar of Vehumet.
  3626 | D:4      | Found a bloodstained altar of Trog.
  3630 | D:4      | Became a worshipper of Vehumet
  3659 | D:4      | Reached XP level 5. HP: 29/39 MP: 5/9
  3777 | D:4      | Found a large runed translucent door.
  3779 | D:4      | Found a large runed translucent door.
  3788 | D:4      | Noticed a steam dragon
  3788 | D:4      | Noticed an orc warrior
  3843 | D:4      | Noticed an orc warrior
  3849 | D:4      | Slain by an orc warrior

Illustrated notes

Levels and vault maps discovered:
D:1:      ldierk_walled_garden_2, layout_loops_cross
D:2:      layout_basic
D:3:      layout_loops_ring, lightli_temple_of_fire, okawaru_gym_becter,
          serial_bayou_lagoon_b
D:4:      layout_basic, grunt_temple_overflow_open,
          minmay_hollow_rounded_squares

Skill      XL: |  1  2  3  4  5 |
---------------+----------------+-----
Fighting       | 1 2 3 |  3.0
Ice Magic      | 5 |  5.5
Spellcasting   | 3 |  3.4
Dodging        | |  2.6
Stealth        | |  2.1

Action                   |  1- 3 |  4- 6 || total
-------------------------+-------+-------++-------
Melee: Dagger            |    58 |    28 ||    86
 Cast: Freeze            |    47 |    33 ||    80
       Frozen Ramparts   |       |     2 ||     2
       Ozocubu's Armour  |       |     1 ||     1
 Stab: Sleeping          |     4 |     2 ||     6
Armor: Robe              |    18 |     6 ||    24
Dodge: Dodged            |    55 |    25 ||    80
